 Dungeon Crawl Stone Soup version 0.30-a0-723-gc1506a1cf0 (webtiles) character file.

Game seed: 15550363584935602687

1094 jimonade the Covert (level 8, -2/38 HPs)
             Began as a Vine Stalker Brigand on Jan 29, 2023.
             Killed from afar by a gargoyle (8 damage)
             ... with a stone arrow
             ... on level 6 of the Dungeon.
             The game lasted 00:08:09 (3583 turns).

jimonade the Covert (Vine Stalker Brigand)          Turns: 3583, Time: 00:08:10

Health: -2/38      AC: 11    Str: 14    XL:     8   Next: 31%
Magic:  0/9        EV: 16    Int: 11    God:
Gold:   274        SH:  0    Dex: 18    Spells: 7/7 levels left

rFire   . . .      SeeInvis .    b - +3 short sword (protect)
rCold   + . .      Faith    .    (no shield)
rNeg    . . .      Spirit   +    n - +0 robe
rPois   .          Reflect  .    (no helmet)
rElec   .          Harm     .    c - +0 cloak
rCorr   .          Rampage  .    h - +0 pair of gloves
Will    +....                    (no boots)
Stlth   ++++                     (no amulet)
HPRegen 1.06/turn                i - +5 ring of evasion
MPRegen 0.11/turn                s - ring of protection from cold

@: under a protective aura
A: fangs 3, regeneration 1, magic shield, antimagic bite, no potion heal 2
a: no special abilities


You were on level 6 of the Dungeon.
You visited 1 branch of the dungeon, and saw 6 of its levels.

You collected 274 gold pieces.

Inventory:

Hand Weapons
 a - a +2 vampiric dagger
 b - a +3 short sword of protection (weapon)
 o - a +1 short sword of flaming
Missiles
 d - 13 poisoned darts (quivered)
 e - 3 curare-tipped darts
 p - 2 boomerangs
Armour
 c - a +0 cloak (worn)
 h - a +0 pair of gloves (worn)
 l - +0 fire dragon scales
 n - a +0 robe (worn)
 u - a +0 ring mail
Jewellery
 i - a +5 ring of evasion (left hand)
 s - a ring of protection from cold (right hand)
Scrolls
 g - 2 scrolls of immolation
 k - 4 scrolls of teleportation
 m - 3 scrolls of identify
 q - a scroll of vulnerability {unknown}
 t - a scroll of fog {unknown}
 v - a scroll of amnesia {unknown}
Potions
 f - 5 potions of curing
 j - a potion of heal wounds {unknown}
 r - a potion of lignification {unknown}


   Skills:
 - Level 1.7 Fighting
 * Level 7.5 Short Blades
 - Level 1.7 Throwing
 - Level 0.7 Dodging
 + Level 8.4 Stealth


You had 7 spell levels left.
You didn't know any spells.
Your spell library was empty.

Dungeon Overview and Level Annotations

Branches:
Dungeon (6/15)
 Temple: D:4-7

Altars:
Dithmenos
Gozag
Sif Muna

Annotations:
D:4 2 transporters, browni3141's ghost, novice HuEE


Innate Abilities, Weirdness & Mutations

You have razor-sharp teeth.
Your natural rate of healing is unusually fast.
When hurt, damage is shared between your health and your magic reserves.
Your bite disrupts and absorbs the magic of your enemies.
Potions cannot restore your health.


Message History

The hound is moderately wounded.
The hound closely misses you.
You completely miss the hound.
The hound is moderately wounded.
The gargoyle closely misses you. The hound bites you but does no damage.
You barely miss the hound. Your bite misses the hound.
The hound is moderately wounded.
You hit the hound. Your bite misses the hound.
The hound is severely wounded.
The hound bites you but does no damage.
The gargoyle hurls a stone arrow at you.
The stone arrow hits you!
You closely miss the hound. Your bite misses the hound.
The hound is severely wounded.
The hound pauses to sniff the ground.
The hound bites you but does no damage. The gargoyle hits you with a +0 mace!
* * * LOW HITPOINT WARNING * * *
You puncture the hound!
You kill the hound!
You hit the gargoyle but do no damage.
The gargoyle is heavily damaged.
The gargoyle hurls a stone arrow at you.
The stone arrow misses you.
You hit the gargoyle but do no damage. Your bite misses the gargoyle.
The gargoyle is heavily damaged.
The gargoyle hurls a stone arrow at you.
The stone arrow hits you!
* * * LOW HITPOINT WARNING * * *
You hit the gargoyle.
You bite the gargoyle, but do no damage.
The gargoyle is heavily damaged.
You hit the gargoyle but do no damage.
You bite the gargoyle, but do no damage.
The gargoyle is heavily damaged.
The gargoyle hits you but does no damage.
You hit the gargoyle but do no damage. Your bite misses the gargoyle.
The gargoyle is heavily damaged.
The gargoyle hurls a stone arrow at you.
The stone arrow hits you!
You die...

#.# #....##.# #.+
#.......# #.#
#.#######
#.#########.#
#..#.....)..#
##.#.....#.##
#)#######.#
#.)#9!†#..######
##.##@##.........
#..#'#...#######
##.....#.####
#.##.........
#.......#####
#########


You could see a gargoyle.

Vanquished Creatures
  2 water moccasins (D:6)
  An ice beast (D:6)
  A centaur (D:6)
  2 gnoll boudas
  7 hounds
  2 orc priests
  An iguana (D:5)
  Natasha (D:3)
  2 orc wizards
  8 gnolls
  10 adders
  An ufetubus (D:6)
  A worm (D:2)
  2 dart slugs
  21 orcs
  8 bats
  3 endoplasms
  3 giant cockroaches
  12 goblins
  12 hobgoblins
  5 kobolds
  4 quokkas
  5 ball pythons
  3 frilled lizards
  6 rats
123 creatures vanquished.

Notes
Turn   | Place    | Note
-------+----------+-------------------------------------------
     0 | D:1      | jimonade the Vine Stalker Brigand began the quest for the
                  | Orb.
     0 | D:1      | Reached XP level 1. HP: 11/11 MP: 2/2
   282 | D:1      | Reached skill level 5 in Stealth
   408 | D:1      | Reached XP level 2. HP: 15/15 MP: 3/3
   720 | D:2      | Reached XP level 3. HP: 18/18 MP: 4/4
   928 | D:2      | Reached skill level 6 in Stealth
  1068 | D:2      | Gained mutation: Your natural rate of healing is unusually
                  | fast. [Vine Stalker growth]
  1068 | D:2      | Reached XP level 4. HP: 16/23 MP: 5/5
  1484 | D:3      | Reached XP level 5. HP: 26/26 MP: 6/6
  1674 | D:3      | Noticed Natasha
  1700 | D:3      | Killed Natasha
  2151 | D:4      | Reached XP level 6. HP: 30/30 MP: 7/7
  2161 | D:4      | Reached skill level 7 in Stealth
  2306 | D:4      | Reached skill level 5 in Short Blades
  2345 | D:4      | Found a transporter.
  2348 | D:4      | Noticed browni3141's ghost (novice HuEE)
  2349 | D:4      | Found a transporter.
  2548 | D:4      | Found an opulent altar of Gozag.
  2553 | D:4      | Found a shimmering blue altar of Sif Muna.
  2594 | D:4      | Reached XP level 7. HP: 30/34 MP: 8/8
  2961 | D:5      | Entered Level 5 of the Dungeon
  2994 | D:5      | Found a shadowy altar of Dithmenos.
  3474 | D:6      | Reached skill level 8 in Stealth
  3474 | D:6      | Gained mutation: You have razor-sharp teeth. [Vine Stalker
                  | growth]
  3474 | D:6      | Reached XP level 8. HP: 38/38 MP: 9/9
  3565 | D:6      | Noticed a gargoyle
  3583 | D:6      | Killed from afar by a gargoyle

Illustrated notes

Levels and vault maps discovered:
D:1:      nagdon_arrival_double_spiral, layout_basic, minmay_statues_item,
          minmay_misc_feat_doors
D:2:      cheibrodos_greedy_goblins, layout_loops_ring, minmay_tetromino_l2
D:3:      layout_loops_ring, uniq_natasha
D:4:      layout_loops_ring, nicolae_sif_muna_condensation,
          nicolae_gozag_seed_capital, gammafunk_ghost_mausoleum, st_stairs_2
D:5:      layout_cave_pools, nicolae_overflow_crystal_walls, minivault_26
D:6:      layout_loops_ring, temple_statues, minmay_divided_ellipse

Skill      XL: |  1  2  3  4  5  6  7  8 |
---------------+-------------------------+-----
Stealth        | 5 6 7 8 |  8.4
Short Blades   | 2 3 4 5 6 7 |  7.5
Fighting       | |  1.7
Throwing       | |  1.7
Dodging        | |  0.7

Action                     |  1- 3 |  4- 6 |  7- 9 || total
---------------------------+-------+-------+-------++-------
  Melee: Dagger            |   108 |    70 |       ||   178
         Bite              |    21 |    52 |    55 ||   128
         Punch             |       |     4 |     5 ||     9
         Short sword       |       |   133 |   171 ||   304
    Use: Scroll            |     4 |     3 |       ||     7
   Stab: Sleeping          |     8 |    11 |     2 ||    21
 Armour: Robe              |    21 |    54 |    45 ||   120
  Dodge: Dodged            |    85 |   127 |   130 ||   342

Table legend: (Time is in decaauts)
 A = Elapsed time spent in this place.
 B = Non-inter-level travel time spent in this place.
 C = Inter-level travel time spent in this place.
 D = Time resting spent in this place.
 E = Time spent auto-exploring this place.
 F = Levels seen in this place.
 G = Mean time per level.
                   A        B        C        D        E       F      G
               +--------+--------+--------+--------+--------+-----+--------+
         Total |   3476 |   3383 |     93 |    117 |   2301 |   6 |  579.3 |
       Dungeon |   3476 |   3383 |     93 |    117 |   2301 |   6 |  579.3 |
               +--------+--------+--------+--------+--------+-----+--------+

Top non-repeatable levels by time:
     D:4: 836 daAuts
     D:1: 709 daAuts
     D:3: 684 daAuts
     D:2: 674 daAuts
     D:6: 399 daAuts
     D:5: 172 daAuts
